 Dungeon Crawl Stone Soup version 0.29.1-12-g30fa7ad0bf (webtiles) character file.

Game seed: 3000325953599334756

6865 KittyFluff the Basher (level 11, -8/68 HPs)
             Began as a Gargoyle Berserker on Dec 25, 2022.
             Was an Elder of Trog.
             Killed by divine providence
             ... invoked by an orc priest
              (13 damage)
             ... on level 9 of the Dungeon.
             The game lasted 00:56:35 (12057 turns).

KittyFluff the Basher (Gargoyle Berserker)         Turns: 12057, Time: 00:56:36

Health: -8/68      AC: 21    Str: 24    XL:     11   Next: 6%
Magic:  11/11      EV: 31    Int:  9    God:    Trog [****..]
Gold:   327        SH:  0    Dex:  9    Spells: 10/10 levels left

rFire   . . .      SeeInvis .   a - +3 hammer
rCold   . . .      Faith    .   (no shield)
rNeg    + . .      Spirit   .   h - +0 ring mail
rPois   ∞          Reflect  .   (no helmet)
rElec   +          Harm     .   l - +0 cloak {Will+}
rCorr   .          Rampage  .   K - +2 pair of gloves
Will    ++...                   n - +0 pair of boots
Stlth   ++........              Q - amulet of the acrobat
HPRegen 0.21/turn               c - ring of willpower
MPRegen 0.12/turn               k - +4 ring of evasion

@: on berserk cooldown, acrobatic, slowed, very slow
A: sickness immunity, AC +8, negative energy resistance 1, electricity
resistance, torment resistance 1, petrification resistance
a: Renounce Religion, Berserk, Trog's Hand, Brothers in Arms


You were on level 9 of the Dungeon.
You worshipped Trog.
Trog was greatly pleased with you.
You visited 1 branch of the dungeon, and saw 9 of its levels.
You also visited: Sewer and Bailey.

You collected 397 gold pieces.
You spent 70 gold pieces at shops.

Inventory:

Hand Weapons
 a - a +3 hammer (weapon)
 f - a +1 vorpal sling
 v - a +1 quarterstaff of distortion
 w - a +2 quarterstaff of chaos
 y - a +3 dire flail of venom
Missiles
 e - 4 javelins
 p - 3 boomerangs
 B - 9 poisoned darts
 L - 59 stones (quivered)
 N - a curare-tipped dart
 W - 4 atropa-tipped darts
Armour
 b - a +1 leather armour of fire resistance
 h - a +0 ring mail (worn)
 l - a +0 cloak of willpower (worn)
 n - a +0 pair of boots (worn)
 u - a +0 chain mail
 z - a scarf of shadows
 K - a +2 pair of gloves (worn)
 X - a +2 plate armour of fire resistance
Jewellery
 c - a ring of willpower (left hand)
 j - a ring of resist corrosion
 k - a +4 ring of evasion (right hand)
 F - a ring of positive energy
 Q - an amulet of the acrobat (around neck)
Wands
 o - a wand of charming (6)
 D - a wand of iceblast (6)
 M - a wand of polymorph (8)
 O - a wand of light (16)
Scrolls
 m - 6 scrolls of teleportation
 s - 3 scrolls of fear
 t - a scroll of torment
 E - 2 scrolls of enchant weapon {unknown}
 H - a scroll of immolation
 I - 2 scrolls of enchant armour {unknown}
 J - a scroll of poison {unknown}
 P - a scroll of acquirement {unknown}
 R - a scroll of blinking
 V - 2 scrolls of noise {unknown}
Potions
 d - 3 potions of resistance
 g - a potion of flight
 i - 5 potions of heal wounds
 q - 4 potions of curing
 r - 3 potions of lignification
 x - 5 potions of cancellation {unknown}
 A - 7 potions of brilliance {unknown}
 C - 2 potions of invisibility
 G - 7 potions of might
 S - 3 potions of haste {unknown}
 T - 3 potions of magic {unknown}
 U - 2 potions of mutation {unknown}


   Skills:
 + Level 8.1 Fighting
 + Level 10.4 Maces & Flails
 + Level 3.4 Ranged Weapons
 * Level 9.0 Armour
 + Level 5.6 Dodging
 + Level 4.1 Stealth
 + Level 0.1 Evocations


You had 10 spell levels left.
You didn't know any spells.
Your spell library was empty.

Dungeon Overview and Level Annotations

Branches:
Dungeon (9/15)             Temple (0/1) D:4            Lair (0/5) D:9
  Sewer (visited)          Bailey (visited)
    Orc: D:9-12

Altars:
Elyvilon
Vehumet
Zin

Shops:
D:2 !   D:3 =   D:4 *   D:5 *   D:7 [

Annotations:
D:7 2 transporters, melloss's ghost, novice SpEn


Innate Abilities, Weirdness & Mutations

You are immune to sickness and miasma.
Your stone body is resilient. (AC +8)
You are immune to poison.
You resist negative energy. (rN+)
You are resistant to electric shocks. (rElec)
You are resistant to unholy torment.
You are immune to petrification.


Message History

The yak is almost dead.
The yak gores you! The gnoll misses you.
You hit the yak.
The yak is almost dead.
The gnoll completely misses you. The yak misses you.
A red film seems to cover your vision as you go berserk!
You feel yourself moving faster!
You feel mighty! Trog will no longer gift you weapons.
The yak gores you but does no damage. The gnoll barely misses you.
You barely miss the yak.
The yak is almost dead.
(D) Dungeon (T) Temple (L) Lair
Where to? (Enter - D:7 @ (x,y), ? - help)
What level of the Dungeon? (default 1, ? - help)
There are monsters nearby!
You feel a strong urge to attack something.
You feel your anger nearly subside.
You are no longer berserk.
You are exhausted.
You feel yourself slow down.
The orc priest begins to cast a cantrip, but forgets the words!
The orc priest looks encouraged for a moment.
The orc priest miscasts a cantrip.
The orc priest calls down the wrath of Beogh upon you.
Beogh smites you! The yak completely misses you.
The orc priest mumbles some strange prayers to Beogh against you.
Beogh smites you! The yak attacks as you move away! The yak barely misses you.
The orc priest miscasts a cantrip.
The yak completely misses you. The yak gores you!
* * * LOW HITPOINT WARNING * * *
The orc priest mumbles some strange prayers to Beogh against you.
Beogh smites you!
* * * LOW HITPOINT WARNING * * *
The orc priest looks encouraged for a moment.
The yak completely misses you.
The orc priest calls down the wrath of Beogh upon you.
Beogh smites you!
You die...

#........' ##### ###g.# ####
....# #..Y.. #... ...# #o....
+..######..#####Y#### #..#
#..#... #.....#..g.g. #..# #....
#.....#....gg #..#
#..###+##..########g#
#..######...@Y..oo.g.........
#.......#..#.....g.Y.........
#####..........######............
#...#..........#....#############
....'.......####.................
....#..........######............
#...#..........#.................
#...#..........#.................
#...#########..######............


You could see 2 yaks, 2 orc priests and 2 gnolls.

Vanquished Creatures
  3 death yaks
  An orc knight (Bailey)
  Grinder (D:3)
  A hornet (D:7)
  Sigmund (D:4)
  A wyvern (D:6)
  A wraith (D:8)
  3 yaks (D:8)
  Menkaure (D:4)
  Edmund (D:5)
  4 water moccasins
  2 orc warriors
  A black bear (D:8)
  A phantom (D:6)
  3 centaurs
  3 kobold brigands
  5 bullfrogs
  A scorpion (D:6)
  A gnoll sergeant (D:8)
  2 necrophages
  3 wights (D:7)
  5 killer bees (D:7)
  A howler monkey (D:7)
  6 hounds
  2 orc priests
  Crazy Yiuf (D:3)
  6 iguanas
  4 orc wizards
  17 gnolls
  8 adders
  7 river rats
  2 shadow imps (D:8)
  4 white imps
  An ufetubus (D:4)
  A worm (D:3)
  4 dart slugs
  44 orcs
  11 ball pythons
  10 bats
  3 endoplasms
  2 giant cockroaches
  14 hobgoblins
  4 jackals (Sewer)
  11 kobolds
  4 quokkas
  9 frilled lizards
  6 goblins
  12 rats
239 creatures vanquished.

Vanquished Creatures (others)
  15 plants (Sewer)
15 creatures vanquished.

Grand Total: 254 creatures vanquished

Notes
Turn   | Place    | Note
-------+----------+-------------------------------------------
     0 | D:1      | KittyFluff the Gargoyle Berserker began the quest for the
                  | Orb.
     0 | D:1      | Reached XP level 1. HP: 14/14 MP: 1/1
   156 | D:1      | Reached XP level 2. HP: 12/19 MP: 2/2
   645 | D:1      | Reached XP level 3. HP: 22/24 MP: 3/3
  1290 | D:1      | Reached ** piety under Trog
  1589 | D:2      | Found Kew Wyst's Distillery.
  1658 | D:2      | Bought a potion of curing for 30 gold pieces
  1658 | D:2      | Bought a potion of degeneration for 10 gold pieces
  1658 | D:2      | Bought a potion of lignification for 30 gold pieces
  1800 | D:2      | Reached XP level 4. HP: 29/29 MP: 4/4
  2374 | D:3      | Found a runed translucent door.
  2375 | D:3      | Noticed Crazy Yiuf
  2382 | D:3      | Killed Crazy Yiuf
  2383 | D:3      | Reached skill level 4 in Maces & Flails
  2598 | D:3      | Found Metzith's Jewellery Emporium.
  2633 | D:3      | Reached XP level 5. HP: 33/33 MP: 5/5
  2863 | D:3      | Noticed Grinder
  2877 | D:3      | Killed Grinder
  2878 | D:3      | Reached skill level 5 in Maces & Flails
  2878 | D:3      | Reached skill level 1 in Stealth
  2878 | D:3      | Reached XP level 6. HP: 38/39 MP: 6/6
  3380 | D:4      | Found a radiant altar of Vehumet.
  3431 | D:4      | Noticed Sigmund
  3443 | D:4      | Killed Sigmund
  3444 | D:4      | Reached XP level 7. HP: 17/44 MP: 7/7
  3450 | D:4      | Noticed Menkaure
  3455 | D:4      | Killed Menkaure
  3456 | D:4      | Reached skill level 6 in Maces & Flails
  3544 | D:4      | Found a glowing drain.
  3559 | D:4      | Reached skill level 5 in Fighting
  3677 | Sewer    | Entered a sewer
  3733 | Sewer    | Reached *** piety under Trog
  3800 | Sewer    | Reached XP level 8. HP: 33/49 MP: 8/8
  4452 | D:4      | Found Zin's Purification Station.
  4460 | D:4      | Found a glowing silver altar of Zin.
  4484 | D:4      | Reached skill level 1 in Ranged Weapons
  4580 | D:4      | Found a staircase to the Ecumenical Temple.
  4925 | D:5      | Entered Level 5 of the Dungeon
  4938 | D:5      | Reached skill level 5 in Armour
  5193 | D:5      | Reached **** piety under Trog
  5338 | D:5      | Reached skill level 7 in Maces & Flails
  5517 | D:5      | Found Heus's Assorted Antiques.
  5885 | D:5      | Noticed Edmund
  5906 | D:5      | Killed Edmund
  6229 | D:6      | Reached XP level 9. HP: 49/55 MP: 9/9
  6551 | D:6      | Reached skill level 8 in Maces & Flails
  7561 | D:7      | Noticed a hornet
  7767 | D:7      | Found Hiorch's Armour Shop.
  7831 | D:7      | Found a transporter.
  8003 | D:7      | Reached skill level 9 in Maces & Flails
  8076 | D:7      | Found a flagged portal.
  8085 | Bailey   | Entered a bailey
  8686 | Bailey   | Noticed an orc knight
  8696 | Bailey   | Killed an orc knight
  8697 | Bailey   | Reached XP level 10. HP: 63/63 MP: 10/10
  8911 | D:7      | Found a white marble altar of Elyvilon.
  9037 | D:7      | Noticed a wizard
  9122 | D:7      | Reached skill level 5 in Dodging
  9352 | D:7      | Found a transporter.
  9690 | D:7      | Noticed melloss's ghost (novice SpEn)
 10593 | D:8      | Reached ***** piety under Trog
 10798 | D:9      | Noticed a death yak
 11000 | D:9      | Noticed a death yak
 11005 | D:9      | Noticed a death yak
 11036 | D:8      | Killed a death yak
 11042 | D:8      | Killed a death yak
 11043 | D:8      | Reached skill level 10 in Maces & Flails
 11407 | D:9      | Killed a death yak
 11408 | D:9      | Reached XP level 11. HP: 11/68 MP: 11/11
 11698 | D:9      | Found a staircase to the Lair.
 12057 | D:9      | Killed from afar by an orc priest

Illustrated notes

Levels and vault maps discovered:
D:1:      minmay_arrival_nine_rooms, layout_basic, minmay_misc_feat_roman,
          hangedman_decor_growths
D:2:      layout_loops_cross, serial_shops, nicolae_shop_hallway_stairs
D:3:      layout_loops_cross, serial_shops, shop, uniq_grinder,
          uniq_crazy_yiuf_cottage
D:4:      layout_cave_pools, old_standard_altar, zin_purify,
          minmay_temple_entry_gardened_gates, portal_sewer_entry_e,
          kennysheep_cluttered_room, patterned_corridor, uniq_sigmund,
          uniq_menkaure
D:5:      layout_basic, serial_shops, shop, uniq_edmund
D:6:      layout_loops_ring, hangedman_decor_push, lemuel_flame_loot_1
D:7:      layout_cave_pools, nicolae_overflow_hidden_temple, elyvilon_altar_5,
          gammafunk_ghost_abyssal_escape, enter_bailey_2,
          nicolae_inconvenience_store
D:8:      layout_basic
D:9:      layout_grid_maze, dpeg_lair_monsters

Skill      XL: |  1  2  3  4  5  6  7  8  9 10 11 |
---------------+----------------------------------+-----
Armour         | 3 4 5 7 8 9 |  9.0
Dodging        | 2 3 4 5 |  5.6
Maces & Flails | 4 5 6 7 9 10 | 10.4
Fighting       | 4 5 7 8 |  8.1
Stealth        | 1 2 3 4 |  4.1
Ranged Weapons | 1 3 |  3.4
Evocations     | |  0.1

Action                   |  1- 3 |  4- 6 |  7- 9 | 10-12 || total
-------------------------+-------+-------+-------+-------++-------
Melee: Mace              |   144 |   105 |   499 |   282 ||  1030
       Punch             |     1 |     2 |     2 |     2 ||     7
 Fire: Sling             |       |       |    26 |    25 ||    51
Invok: Berserk           |       |     2 |     5 |     5 ||    12
       Trog's Hand       |       |       |     1 |       ||     1
Evoke: Wand              |       |       |     2 |       ||     2
  Use: Scroll            |       |       |     3 |     6 ||     9
 Stab: Sleeping          |       |       |     2 |     2 ||     4
       Invisible         |       |       |     2 |       ||     2
Armor: Leather armour    |    62 |    47 |   153 |       ||   262
       Animal skin       |     2 |       |       |       ||     2
       Ring mail         |       |       |    72 |   134 ||   206
Dodge: Dodged            |    96 |    64 |   325 |   210 ||   695
